 Dungeon Crawl Stone Soup version 0.20-a0-1126-g0f15420 (webtiles) character file.

91 wolfsongas the Cleaver (level 4, -10/35 HPs)
             Began as a Demonspawn Fighter on May 17, 2017.
             Was a Believer of Lugonu.
             Killed from afar by a jackal (38 damage)
             ... with an exploding inner flame
             ... hexed by the player character
             ... on level 2 of the Dungeon.
             The game lasted 00:04:48 (841 turns).

wolfsongas the Cleaver (Demonspawn Fighter)          Turns: 841, Time: 00:04:49

Health: -10/35     AC:  6    Str: 17    XL:     4   Next: 33%
Magic:  4/4        EV:  6    Int:  9    God:    Lugonu [**....]
Gold:   85         SH:  8    Dex: 13    Spells: 3/3 levels left

rFire    . . .     SeeInvis .   a - +0 war axe
rCold    . . .     Gourm    .   c - +0 shield
rNeg     . . .     Faith    .   b - +0 scale mail
rPois    .         Spirit   .   (helmet restricted)
rElec    .         Reflect  .   (no cloak)
rCorr    .         Harm     .   (no gloves)
MR       +....                  (no boots)
Stlth    ..........             (no amulet)
Regen    0.6/turn               e - ring of protection from magic
MPRegen  0.1/turn               (no ring)

@: no status effects
A: beak, talons 1, sense surroundings 1, regeneration 1, rot immunity
a: Depart the Abyss, Bend Space, Renounce Religion


You were on level 2 of the Dungeon.
You worshipped Lugonu.
Lugonu was pleased with you.
You were not hungry.

You visited 1 branch of the dungeon, and saw 2 of its levels.

You collected 85 gold pieces.

Inventory:

Hand Weapons
 a - a +0 war axe (weapon)
Armour
 b - a +0 scale mail (worn)
 c - a +0 shield (worn)
Jewellery
 e - a ring of protection from magic (left hand)
Scrolls
 g - a scroll of immolation
Potions
 d - a potion of might
Comestibles
 f - 3 bread rations
 h - 2 royal jellies
 i - 2 fruits


   Skills:
 + Level 3.3 Fighting
 * Level 8.9 Axes
 - Level 2.6 Armour
 - Level 2.6 Shields


You had 3 spell levels left.
You didn't know any spells.

Dungeon Overview and Level Annotations

Branches:
Dungeon (1/15)

Altars:
Lugonu


Innate Abilities, Weirdness & Mutations

You have sharp toenails.
You are immune to rotting.
You have a beak for a mouth.
You passively map a small area around you.
Your natural rate of healing is unusually fast.


Message History

The jackal bites you. The jackal barely misses you.
You block the jackal's attack.
You see here a jackal corpse.
The frilled lizard bites you but does no damage.
The jackal barely misses you.
You closely miss the jackal. Your peck misses the jackal.
The jackal is moderately wounded.
You hit the frilled lizard. You slash the jackal!
You kill the jackal!
Lugonu accepts your kill.
The jackal's inner flame fades away.
You block the jackal's attack. You block the frilled lizard's attack.
You block the jackal's attack.
You slash the jackal!
You kill the jackal!
Lugonu accepts your kill.
You hit the jackal.
The jackal explodes!
The fiery explosion engulfs you!
Ouch! That really hurt!
You die...

.....##........(....#
.....##.............#
....................#####
........................#########
####......#########.............#
>.........# ###............(#
....####### #...............#
....#############...............#
....'..........§@l..............#
....############§§..............#
....# #<§..###'######### ....#
#....# #.# ....#
##....###'######### #####
#..................
#..........######## #..........#
# ***#######* #..........# #


You could see a frilled lizard (inner flame).

Vanquished Creatures
  An adder (D:2)
  An ooze (D:1)
  2 worms (D:2)
  2 dart slugs (D:1)
  A leopard gecko (D:2)
  A bat (D:2)
  2 giant cockroaches (D:2)
  6 hobgoblins
  4 jackals
  4 frilled lizards (D:1)
  3 goblins (D:1)
  2 kobolds (D:1)
  7 rats
36 creatures vanquished.

Notes
Turn   | Place    | Note
-------+----------+-------------------------------------------
     0 | D:1      | wolfsongas the Demonspawn Fighter began the quest for the Orb.
     0 | D:1      | Reached XP level 1. HP: 18/18 MP: 1/1
     6 | D:1      | Noticed a hound
     6 | D:1      | Noticed a redback
     7 | D:1      | Noticed a six-headed hydra
     7 | D:1      | Noticed an anaconda
    54 | D:1      | Reached skill level 2 in Axes
    57 | D:1      | Gained mutation: You passively map a small area around you. [potion of mutation]
    57 | D:1      | Gained mutation: Your natural rate of healing is unusually fast. [potion of mutation]
    57 | D:1      | Gained mutation: You have a beak for a mouth. [potion of mutation]
    98 | D:1      | Gained mutation: You have sharp toenails. [demonic ancestry]
    98 | D:1      | Reached XP level 2. HP: 24/24 MP: 2/2
   227 | D:1      | Reached skill level 8 in Axes
   227 | D:1      | Gained mutation: You are immune to rotting. [demonic ancestry]
   227 | D:1      | Reached XP level 3. HP: 29/29 MP: 3/3
   360 | D:1      | You fall through a shaft!
   360 | D:2      | Found a faded altar of an unknown god.
   423 | D:2      | Became a worshipper of Lugonu the Unformed
   423 | D:2      | Reached * piety under Lugonu
   423 | D:2      | Reached ** piety under Lugonu
   474 | D:2      | Reached XP level 4. HP: 35/35 MP: 4/4
   841 | D:2      | Killed from afar by a jackal

Vault maps used:
D:1:      onia_arrival_zoo_common, serial_glass, glass_columns_a,
          glass_columns_b, st_stairs_11, minmay_split_cup_small
D:2:      chequers_ecumenical_altar_simple_redux, first_bread

Skill      XL: |  1  2 |
---------------+-------+-----
Axes           | 2 8 |  8.9
Fighting       | |  3.3
Armour         | |  2.6
Shields        | |  2.6

Action                   |  1- 3 |  4- 6 || total
-------------------------+-------+-------++-------
Melee: War axe           |    63 |    23 ||    86
       Peck              |     7 |     6 ||    13
       Kick              |     3 |     4 ||     7
  Use: Potion            |     3 |       ||     3
       Scroll            |     4 |     2 ||     6
Armor: Scale mail        |    22 |    17 ||    39
Dodge: Dodged            |    11 |    12 ||    23
Block: Shield            |    32 |    16 ||    48
